 Dungeon Crawl Stone Soup version 0.28-a0-1174-g766a6a42ef (webtiles) character file.

Game seed: 17129251661242935445

97447 hazymike the Fighter (level 16, -1/170 HPs)
             Began as an Ogre Fighter on Dec 15, 2021.
             Was the Champion of Lugonu.
             Slain by Rupert (9 damage)
             ... on level 15 of the Dungeon on Dec 16, 2021.
             The game lasted 07:46:51 (60101 turns).

hazymike the Fighter (Ogre Fighter)                Turns: 60101, Time: 07:46:52

Health: -1/170     AC:  9    Str: 24    XL:     16   Next: 19%
Magic:  23/25      EV: 12    Int: 13    God:    Lugonu [******]
Gold:   877        SH:  5    Dex:  8    Spells: 10/27 levels left

rFire   + + .      SeeInvis .   a - +3 giant spiked club (distort)
rCold   . . .      Faith    .   (shield currently unavailable)
rNeg    . . .      Spirit   .   c - +2 robe {Will+}
rPois   .          Reflect  +   e - +1 hat
rElec   .          Harm     .   d - +2 cloak
rCorr   .          Rampage  .   (gloves unavailable)
Will    ++...                   (boots unavailable)
Stlth   +.........              f - amulet of reflection
HPRegen 0.38/turn               N - ring of protection from fire
MPRegen 0.19/turn               p - ring of protection from fire

@: studying Crossbows
A: large, unfitting armour, tough skin 1, dopey 1
a: Renounce Religion, Depart the Abyss, Bend Space, Banish, Corrupt, Enter the
Abyss


You were on level 15 of the Dungeon.
You worshipped Lugonu.
Lugonu was exalted by your worship.
You visited 3 branches of the dungeon, and saw 23 of its levels.
You visited 1 bazaar.
You also visited: Volcano.

You collected 3736 gold pieces.
You spent 2859 gold pieces at shops.

Inventory:

Hand Weapons
 a - a +3 giant spiked club of distortion (weapon)
 b - the +8 mace "Jikhlybb" {pain, rPois Int+4}
   (You found it on level 6 of the Dungeon)

   In the hands of one skilled in necromantic magic, it inflicts extra damage on
   living creatures.
   Int:       It affects your intelligence (+4).
   rPois:     It protects you from poison.
Missiles
 g - 6 large rocks (quivered)
 h - 8 poisoned darts
 s - 2 boomerangs of dispersal
 w - 10 atropa-tipped darts
 x - 2 datura-tipped darts
 H - 6 silver javelins
Armour
 c - a +2 robe of willpower (worn)
 d - a +2 cloak (worn)
 e - a +1 hat (worn)
 X - a +1 robe of cold resistance
Jewellery
 f - an amulet of reflection (around neck)
 p - a ring of protection from fire (right hand)
 q - a +4 ring of protection
 r - a ring of see invisible
 u - a +6 ring of intelligence
 L - a ring of protection from cold
 N - a ring of protection from fire (left hand)
 W - a ring of ice
Wands
 m - a wand of mindburst (18)
 C - a wand of polymorph (18)
 D - a wand of digging (5)
 E - a wand of charming (6)
 T - a wand of paralysis (14)
Scrolls
 l - 4 scrolls of blinking
 n - a scroll of silence
 t - 2 scrolls of holy word
 v - 2 scrolls of fear
 y - 12 scrolls of identify
 F - 11 scrolls of teleportation
 G - 2 scrolls of vulnerability
 I - 4 scrolls of fog
 M - 3 scrolls of immolation
 O - a scroll of amnesia
 P - a scroll of torment
 Q - a scroll of summoning
 R - 3 scrolls of enchant armour
Potions
 i - 3 potions of invisibility
 j - 4 potions of attraction
 k - 13 potions of curing
 z - 2 potions of haste
 A - 3 potions of magic
 B - 4 potions of brilliance
 J - 2 potions of flight
 K - 3 potions of might
 S - a potion of resistance
 U - a potion of ambrosia
 V - 2 potions of lignification
 Y - a potion of berserk rage
 Z - a potion of heal wounds


   Skills:
 + Level 13.5 Fighting
 * Level 13.3 Maces & Flails
 + Level 10.1 Throwing
 + Level 9.8 Dodging
 - Level 2.6 Shields
 - Level 6.0 Spellcasting
 - Level 6.0 Hexes
 - Level 2.0 Summonings
 + Level 8.3 Translocations
 + Level 8.2 Ice Magic
 + Level 10.9 Invocations


You had 10 spell levels left.
You knew the following spells:

 Your Spells              Type           Power      Damage    Failure   Level
a - Slow                  Hex            76%        N/A       1%          1
b - Summon Small Mammal   Summ           36%        N/A       8%          1
c - Apportation           Tloc           50%        N/A       1%          1
d - Confusing Touch       Hex            19%        N/A       4%          3
e - Ozocubu's Armour      Ice            25%        N/A       1%          3
f - Gell's Gravitas       Tloc           25%        N/A       1%          3
g - Manifold Assault      Tloc           25%        N/A       16%         5

Your spell library contained the following spells:

 Spells                   Type           Power      Damage    Failure   Level
 Blink                    Tloc           50%        N/A       1%          2
 Teleport Other           Tloc           25%        N/A       1%          3
 Dazzling Flash           Conj/Hex       22%        N/A       14%         3
 Animate Skeleton         Necr           6%         N/A       17%         1
 Pain                     Necr           12%        1d4       17%         1
 Sandblast                Erth           6%         2d5       17%         1
 Corpse Rot               Necr/Air       6%         N/A       26%         2
 Passwall                 Tmut/Erth      2%         N/A       26%         2
 Poisonous Vapours        Pois/Air       6%         N/A       26%         2
 Hailstorm                Conj/Ice       14%        3d5       30%         4
 Ice Form                 Ice/Tmut       14%        N/A       30%         4
 Iskenderun's Mystic Bla  Conj/Tloc      14%        2d5       30%         4
 Fulminant Prism          Conj/Hex       5%         3d7       43%         4
 Stone Arrow              Conj/Erth      6%         3d7       45%         3
 Swiftness                Air            3%         N/A       45%         3
 Vampiric Draining        Necr           3%         2d6       45%         3
 Dispersal                Tloc           12%        N/A       65%         6
 Animate Armour           Summ/Erth      12%        N/A       73%         4
 Yara's Violent Unravell  Hex/Tmut       5%         3d4       80%         5
 Petrify                  Tmut/Erth      3%         N/A       86%         4
 Lee's Rapid Deconstruct  Erth           1%         3d5*      99%         5
 Simulacrum               Ice/Necr       7%         N/A       99%         6
 Ozocubu's Refrigeration  Ice            12%        4d7       99%         7
 Starburst                Conj/Fire      1%         6d3       100%        6
 Storm Form               Tmut/Air       1%         N/A       100%        7
 Lehudib's Crystal Spear  Conj/Erth      1%         10d2      100%        8


Dungeon Overview and Level Annotations

Branches:
Dungeon (15/15)            Temple (0/1) D:5            Lair (6/6) D:10
 Shoals (0/4) Lair:2        Snake (0/4) Lair:4        Slime (0/5) Lair:6
    Orc (2/2) D:9             Elf (0/3) Orc:2        Vaults (0/5) D:13
Volcano (visited)
 Depths: D:15

Altars:
Gozag
Kikubaaqudgha
Xom
The Shining One
Beogh
Lugonu

Shops:
D:1 =*?:   D:3 (   D:6 (   D:7 *   D:10 ?   Orc:2 =(*[

Annotations:
D:15 Rupert


Innate Abilities, Weirdness & Mutations

You are too large for most types of armour.
You have tough skin. (AC +1)
You are dopey. (Int -2)


Message History

Aim: Rupert, wielding a +6 vorpal great sword and wearing a +0 ring mail (moderately wounded, 70% to hit)
You throw a large rock. The large rock hits Rupert!!!
Rupert is severely wounded.
Rupert roars madly and goes into a rage!
Rupert goes berserk!
Rupert rages.
Throw: 8 large rocks
Press: ? - help, Q - select action, (/) - cycle Shift-Dir - straight line, f/p - Rupert
Aim: Rupert, wielding a +6 vorpal great sword and wearing a +0 ring mail (severely wounded, berserk, 70% to hit)
You throw a large rock. The large rock hits Rupert!
Rupert is severely wounded.
Rupert hits you with a +6 vorpal great sword!
You bludgeon Rupert!!
Space warps horribly around Rupert!!
Rupert is almost dead.
Rupert barely misses you.
Rupert hits you with a +6 vorpal great sword!
You completely miss Rupert.
Rupert is almost dead.
Rupert closely misses you.
You hit Rupert.
Rupert is almost dead.
Rupert blinks!
Throw: 7 large rocks
Press: ? - help, Q - select action, (/) - cycle Shift-Dir - straight line, f/p - Rupert
Aim: Rupert, wielding a +6 vorpal great sword and wearing a +0 ring mail (almost dead, berserk, 70% to hit)
You throw a large rock. The large rock hits Rupert.
Rupert is almost dead.
Rupert hits you with a +6 vorpal great sword!
You barely miss Rupert.
Rupert is almost dead.
Rupert hits you with a +6 vorpal great sword!!
Rupert hits you with a +6 vorpal great sword!
* * * LOW HITPOINT WARNING * * *
x2 Your icy armour will break if you move.
Continue?
Space bends sharply around you!
You blink.
Your icy armour cracks and falls away as you move.
Space bends sharply around you!
You blink.
Rupert hits you with a +6 vorpal great sword!!
* * * LOW HITPOINT WARNING * * *
You die...

......#............#..#@# #.#..
......#............#..#.# #.#..
##....#............#..#.# #.#..
#....#............##.#.# #.#..
#....###########...#.#.#####.#..
#..............#####.#.......#..
#..........<.........#...@...#..
#....................#.......'..
##...#######(...@.§...#########..
.....# #.(..@....(...........
.....# #.....................
.....# #...§.(....(..........
.....#######...........###.......
.......................# #.......
######################.# #......#
#.# #.)....# #.# ###....#


You could see Rupert (berserk).

Vanquished Creatures
  Azrael (D:14)
  Josephine (D:14)
  Fannar (Lair:2)
  6 hydras
  3 vault guards
  3 boulder beetles
  2 death knights
  A catoblepas (Lair:6)
  5 two-headed ogres
  3 tengu warriors
  9 death yaks
  A hell hog (Volcano)
  Urug (Lair:3)
  An orc high priest (Orc:2)
  Sonja (Orc:1)
  A fire crab (Volcano)
  A goliath frog (Lair:5)
  4 lindwurms (D:8)
  2 deep elf pyromancers
  A wizard (D:14)
  4 orc knights (Orc:2)
  4 manticores
  4 orc sorcerers
  3 cyclopes
  7 ugly things
  3 torpor snails
  9 elephants
  Joseph (D:8)
  A guardian serpent (shapeshifter) (D:12)
  12 black mambas
  24 cane toads
  3 gargoyles
  Maggie (D:7)
  2 kobold demonologists
  A spriggan zombie (D:15)
  3 rime drakes
  4 efreet
  3 freezing wraiths (D:14)
  17 komodo dragons
  A tengu conjurer (D:11)
  12 trolls
  8 polar bears
  A troll (shapeshifter) (D:13)
  2 hornets
  3 tyrant leeches (Lair:6)
  Prince Ribbit (D:7)
  A slime creature (Lair:6)
  15 blink frogs
  A snapping turtle (Lair:2)
  5 dream sheep
  A shadow (D:11)
  7 wraiths
  A vampire (D:12)
  8 humans (D:13)
  32 yaks
  6 fire bats (Volcano)
  3 wyverns
  A yak (shapeshifter) (D:10)
  5 fire elementals
  4 steam dragons
  9 basilisks
  Grum (D:8)
  15 vampire mosquitoes
  3 nagas (Lair:4)
  3 wargs
  An acid dragon (D:10)
  13 water moccasins
  3 hell hounds
  33 orc warriors
  An ice beast (shapeshifter) (D:14)
  12 black bears
  Pargi (D:3)
  3 ice beasts
  2 sky beasts
  20 wolves
  5 necrophages
  5 ogres
  4 centaurs
  5 kobold brigands
  21 bullfrogs
  2 scorpions
  A water moccasin zombie (D:6)
  A gnoll sergeant (D:11)
  A wyvern skeleton (D:6)
  A water moccasin skeleton (D:7)
  6 killer bees
  5 wights
  2 howler monkeys (D:10)
  4 electric eels
  A centaur zombie (D:6)
  5 lava snakes (Volcano)
  A bullfrog zombie (D:6)
  22 orc priests
  2 hounds (D:5)
  17 iguanas
  2 jellies (Lair:6)
  A centaur skeleton (D:7)
  22 orc wizards
  5 hell rats
  A killer bee zombie (D:7)
  A hound skeleton (D:5)
  A howler monkey skeleton (D:6)
  10 gnolls
  2 adders
  2 white imps
  3 ufetubi
  An adder skeleton (D:4)
  A worm (D:2)
  4 dart slugs
  76 orcs
  4 ball pythons
  4 bats
  6 endoplasms
  5 giant cockroaches
  10 goblins
  11 hobgoblins
  2 jackals (D:3)
  28 kobolds
  2 quokkas
  16 frilled lizards
  5 rats
728 creatures vanquished.

Vanquished Creatures (others)
  A human (D:13)
  An orc (Orc:2)
  2 kobolds (D:8)
  89 fungi
  164 plants
  2 withered plants (D:15)
259 creatures vanquished.

Grand Total: 987 creatures vanquished

Notes
Turn   | Place    | Note
-------+----------+-------------------------------------------
     0 | D:1      | hazymike the Ogre Fighter began the quest for the Orb.
     0 | D:1      | Reached XP level 1. HP: 24/24 MP: 1/1
    40 | D:1      | Found Mesi's Jewellery Boutique.
   102 | D:1      | Found Juano's General Store.
   288 | D:1      | Reached XP level 2. HP: 32/32 MP: 2/2
   360 | D:1      | Found Mounnimeq's Book Shop.
   624 | D:1      | Reached XP level 3. HP: 37/40 MP: 3/3
   665 | D:1      | Found a faded altar of an unknown god.
   668 | D:1      | Prayed at the altar of an unknown god.
   668 | D:1      | Became a worshipper of Lugonu the Unformed
   668 | D:1      | Reached * piety under Lugonu
   668 | D:1      | Reached ** piety under Lugonu
   719 | D:1      | Found Dousovar's Magic Scroll Shoppe.
  1725 | D:2      | Learned a level 1 spell: Slow
  2158 | D:2      | Reached XP level 4. HP: 49/49 MP: 4/4
  2734 | D:3      | Found Roodec's Antique Weapon Boutique.
  2977 | D:3      | Learned a level 1 spell: Summon Small Mammal
  3060 | D:3      | Reached skill level 1 in Throwing
  3466 | D:4      | Noticed Pargi
  3503 | D:3      | Killed Pargi
  3504 | D:3      | Reached skill level 1 in Invocations
  3504 | D:3      | Reached XP level 5. HP: 15/55 MP: 5/5
  3843 | D:4      | Reached skill level 1 in Hexes
  3947 | D:4      | Noticed a necrophage
  4232 | D:4      | Reached skill level 5 in Fighting
  4232 | D:4      | Reached skill level 1 in Summonings
  4232 | D:4      | Reached XP level 6. HP: 66/66 MP: 5/7
  4524 | D:4      | Found a glowing golden altar of the Shining One.
  4524 | D:4      | Found an opulent altar of Gozag.
  4667 | D:5      | Entered Level 5 of the Dungeon
  4702 | D:4      | Noticed a steam dragon
  4775 | D:4      | Killed a steam dragon
  5266 | D:5      | Reached XP level 7. HP: 68/72 MP: 8/8
  5657 | D:5      | Found a staircase to the Ecumenical Temple.
  5867 | D:5      | Learned a level 1 spell: Apportation
  5871 | D:5      | Learned a level 3 spell: Confusing Touch
  6000 | D:5      | Reached *** piety under Lugonu
  6072 | D:5      | HP: 1/72 [sky beast (6)]
  6742 | D:4      | Found a glowing golden altar of the Shining One.
  6742 | D:4      | Found an opulent altar of Gozag.
  7333 | D:5      | Identified the ring of Beogh's Hope {Ice +Blink Str+5
                  | Int-2}
  7378 | D:5      | Noticed a two-headed ogre
  7502 | D:5      | Reached XP level 8. HP: 59/83 MP: 6/10
  7900 | D:6      | Reached skill level 1 in Translocations
  7936 | D:6      | Identified the +8 mace "Jikhlybb" {pain, rPois Int+4}
  8300 | D:6      | Reached skill level 5 in Maces & Flails
  8424 | D:6      | Found Kuliuj's Weapon Shoppe.
  8431 | D:6      | Bought 2 atropa-tipped darts for 13 gold pieces
  8604 | D:6      | Noticed a yak
  8604 | D:6      | Noticed a yak
  8604 | D:6      | Noticed a yak
  8604 | D:6      | Noticed a yak
  8604 | D:6      | Noticed a yak
  8606 | D:6      | Noticed a yak
  8647 | D:5      | Killed a yak
  9435 | D:5      | Reached XP level 9. HP: 30/92 MP: 11/11
 10221 | D:6      | Reached skill level 5 in Dodging
 10692 | D:7      | Noticed Prince Ribbit
 10712 | D:7      | Killed Prince Ribbit
 10792 | D:7      | Noticed Maggie
 10816 | D:7      | Killed Maggie
 11073 | D:6      | Reached skill level 1 in Spellcasting
 11073 | D:6      | Reached skill level 5 in Invocations
 11103 | D:7      | Reached XP level 10. HP: 104/104 MP: 13/13
 11154 | D:7      | Identified the amulet of the Tempest {Harm Rampage rF+
                  | Regen+}
 11256 | D:7      | Found Cyimub's General Store.
 11277 | D:7      | Learned a level 3 spell: Ozocubu's Armour
 11486 | D:7      | You fall into a shaft and drop 3 floors!
 11486 | D:10     | Entered Level 10 of the Dungeon
 11551 | D:9      | Reached **** piety under Lugonu
 11710 | D:9      | Noticed a two-headed ogre
 11811 | D:8      | Reached skill level 1 in Ice Magic
 12114 | D:8      | Reached skill level 5 in Throwing
 12471 | D:7      | Noticed a gargoyle
 13044 | D:8      | Noticed a lindwurm
 13070 | D:8      | Noticed a lindwurm
 13072 | D:8      | Killed a lindwurm
 13103 | D:8      | Killed a lindwurm
 13126 | D:8      | Noticed Joseph
 13155 | D:8      | Killed Joseph
 13492 | D:8      | Noticed Grum
 13810 | D:8      | Killed Grum
 13944 | D:8      | Noticed a lindwurm
 13944 | D:8      | Noticed a lindwurm
 13997 | D:8      | Killed a lindwurm
 13998 | D:8      | Reached XP level 11. HP: 97/113 MP: 15/15
 14026 | D:8      | Killed a lindwurm
 14027 | D:8      | Reached skill level 5 in Hexes
 14540 | D:8      | Got Hiyt's Disquisition on Clay
 14608 | D:8      | Identified the +6 hand crossbow of Kuqib {flame, rPois
                  | Str+5 Stlth-}
 15821 | D:9      | Found a staircase to the Orcish Mines.
 16257 | D:9      | Paralysed by a hornet for 2 turns
 17914 | D:9      | Killed a two-headed ogre
 17958 | D:9      | Found a staircase to the Orcish Mines.
 18345 | D:1      | Bought a potion of might for 56 gold pieces
 18345 | D:1      | Bought a potion of might for 56 gold pieces
 18345 | D:1      | Bought a scroll of identify for 28 gold pieces
 18378 | D:1      | Bought a scroll of fear for 49 gold pieces
 18378 | D:1      | Bought a scroll of enchant weapon for 105 gold pieces
 18378 | D:1      | Bought a scroll of teleportation for 42 gold pieces
 18378 | D:1      | Bought a scroll of vulnerability for 105 gold pieces
 18378 | D:1      | Bought a scroll of blinking for 105 gold pieces
 18635 | D:10     | Noticed a two-headed ogre
 18659 | D:10     | Killed a two-headed ogre
 19262 | D:10     | Learned a level 3 spell: Gell's Gravitas
 19329 | D:10     | Found Zaid's Magic Scroll Emporium.
 19336 | D:10     | Bought a scroll of fog for 32 gold pieces
 20343 | D:10     | Found a staircase to the Lair.
 20905 | D:11     | Noticed a two-headed ogre
 21198 | D:11     | Reached XP level 12. HP: 87/124 MP: 18/18
 21574 | D:11     | Noticed a boulder beetle
 21596 | D:11     | Killed a boulder beetle
 21839 | D:11     | Noticed a two-headed ogre
 21882 | D:11     | Killed a two-headed ogre
 24148 | D:12     | Found a shimmering altar of Xom.
 24223 | D:12     | Reached skill level 5 in Translocations
 24263 | D:12     | Noticed a tengu warrior
 24283 | D:11     | Reached skill level 10 in Fighting
 24601 | D:12     | Killed a tengu warrior
 24665 | Lair:1   | Entered Level 1 of the Lair of Beasts
 24788 | Lair:1   | Learned a level 5 spell: Manifold Assault
 25564 | Lair:1   | Reached ***** piety under Lugonu
 25613 | Lair:1   | Reached skill level 10 in Maces & Flails
 25663 | Lair:1   | Reached XP level 13. HP: 105/135 MP: 14/19
 25970 | Lair:1   | Reached skill level 5 in Ice Magic
 26861 | Lair:2   | Noticed Fannar
 26924 | Lair:2   | Killed Fannar
 28196 | Lair:2   | Found a staircase to the Shoals.
 29619 | Lair:3   | Noticed Urug
 30871 | Lair:3   | Killed Urug
 32685 | Lair:4   | You fall into a shaft and drop 1 floor!
 32946 | Lair:4   | Reached XP level 14. HP: 34/146 MP: 20/20
 34881 | Lair:4   | Found a staircase to the Snake Pit.
 37547 | Lair:5   | Reached skill level 5 in Spellcasting
 38783 | Lair:6   | Entered Level 6 of the Lair of Beasts
 41149 | Lair:6   | Reached XP level 15. HP: 158/158 MP: 23/23
 42265 | Lair:6   | Reached skill level 10 in Invocations
 42761 | Lair:6   | Found a staircase to the Slime Pits.
 43396 | Lair:6   | Identified the +7 long sword "Utimn" {flame, rElec rC+ rN+}
 43872 | Orc:1    | Entered Level 1 of the Orcish Mines
 43872 | Orc:1    | Noticed Sonja
 43876 | Orc:2    | Entered Level 2 of the Orcish Mines
 43879 | Orc:2    | Found a staircase to the Elven Halls.
 43885 | Orc:1    | Found a dark tunnel.
 43895 | Volcano  | Entered a volcano
 44192 | Volcano  | Reached ****** piety under Lugonu
 44418 | Volcano  | Found a burning altar of Makhleb.
 45639 | Volcano  | Gained mutation: You are dopey. (Int -2) [a neqoxec]
 47490 | Orc:1    | Killed Sonja
 47730 | Orc:2    | Noticed an orc warlord
 50331 | Orc:2    | Found Isoar's Antique Weapon Emporium.
 50382 | Orc:2    | Found Ema Dyzu's Antique Armour Emporium.
 50933 | Orc:2    | Found Zen Balo's General Store.
 50939 | Orc:2    | Bought 4 atropa-tipped darts for 31 gold pieces
 50939 | Orc:2    | Bought a scroll of teleportation for 39 gold pieces
 50948 | Orc:2    | Found Volyll's Jewellery Emporium.
 50955 | Orc:2    | Bought a ring of see invisible for 195 gold pieces
 51318 | D:10     | Bought a scroll of acquirement for 832 gold pieces
 51319 | D:10     | Acquired 821 gold pieces
 51324 | D:10     | Bought a scroll of acquirement for 832 gold pieces
 51325 | D:10     | Acquired 441 gold pieces
 51504 | D:13     | Found a flickering gateway to a bazaar.
 51512 | Bazaar   | Entered a bazaar
 51551 | Bazaar   | Found Ovvil's Weapon Shoppe.
 51573 | Bazaar   | Found Tolemm's Distillery.
 51573 | Bazaar   | Found Ofuz's Jewellery Shoppe.
 51594 | Bazaar   | Found Iveth's Magic Scroll Shoppe.
 51639 | Bazaar   | Bought a scroll of enchant armour for 97 gold pieces
 51639 | Bazaar   | Bought a scroll of teleportation for 39 gold pieces
 51639 | Bazaar   | Bought a scroll of vulnerability for 97 gold pieces
 51639 | Bazaar   | Bought a scroll of fog for 26 gold pieces
 51653 | Bazaar   | Bought a potion of invisibility for 80 gold pieces
 53232 | D:13     | Found a gate to the Vaults.
 56244 | D:13     | Found a gate to the Vaults.
 56329 | D:14     | Upgraded the game from 0.28-a0-1159-g27aa881441 to
                  | 0.28-a0-1174-g766a6a42ef
 57394 | D:14     | Reached XP level 16. HP: 135/170 MP: 12/25
 57697 | D:14     | Found an ancient bone altar of Kikubaaqudgha.
 57933 | D:14     | Noticed Josephine
 58030 | D:14     | Reached skill level 10 in Throwing
 58044 | D:14     | Noticed Azrael
 58372 | D:14     | Killed Azrael
 58749 | D:14     | Found an ancient bone altar of Kikubaaqudgha.
 58943 | D:14     | Killed Josephine
 59054 | D:15     | Entered Level 15 of the Dungeon
 59511 | Lair:5   | Identified a +2 giant spiked club of distortion (a +0 giant
                  | spiked club of venom corrupted by Lugonu)
 59511 | Lair:5   | Received a gift from Lugonu
 60056 | D:15     | Noticed Rupert
 60101 | D:15     | HP: 8/170 [Rupert (34)]
 60101 | D:15     | Slain by Rupert

Illustrated notes

Levels and vault maps discovered:
D:1:      lightli_arrival_isolated_outpost, layout_loops_ring,
          shapermc_ecumenical_altar_mp_urbaneastern, serial_shops,
          nicolae_shop_crystal, shop, nicolae_shop_hallway_plus,
          nicolae_shop_competitors_out_of_business, minmay_tromino_v2
D:2:      layout_loops_corners
D:3:      layout_basic, serial_shops,
          nicolae_shop_temple_entry_statues_fountains
D:4:      layout_basic, gammafunk_temple_overflow_wave, kennysheep_diamond,
          uniq_pargi
D:5:      layout_rooms, temple_pool_b
D:6:      layout_loops_cross, serial_shops, nicolae_shop_advertising_works
          [nicolae_subvault_shop_adworks], st_stairs_14, nrook_mini_backslash
D:7:      layout_gridville, serial_shops, nicolae_shop_crystal,
          uniq_prince_ribbit1, uniq_maggie
D:8:      layout_loops_ring, hangedman_decor_diamond_cutter, chequers_big_river,
          minmay_lindwurm_lava, uniq_grum, uniq_joseph
D:9:      layout_loops_corners, erik_orc_3, enter_bailey_2
D:10:     layout_basic, grunt_lair_entry_orc_guard_hut, serial_shops,
          nicolae_shop_hallway_plus, minivault_10
D:11:     layout_stronghold
D:12:     layout_roguey, xom_teletrap_fun
D:13:     layout_layer_cave, ximxim_vaults_locker_room, serial_shops,
          bzr_entry_water
D:14:     layout_loops_ring, kiku_gazebo_pond_becter,
          kennysheep_generic_room_14, uniq_azrael, uniq_josephine
D:15:     gammafunk_depths_entry_grave, layout_irregular_city,
          hangedman_decor_push, uniq_rupert, uniq_nessos
Lair:1:   beast_lair_carwin_large_3, layout_loops_ring, grunt_megastairs_2
Lair:2:   layout_regular_city, minmay_shoals_entry_hut, uniq_fannar
Lair:3:   layout_regular_city, chequers_serial_rivers_room_b,
          grunt_megastairs_5, uniq_urug
Lair:4:   lemuel_reptile_caves, layout_hall_layers, guppyfry_snake_entry_island,
          serial_bayou_shore_b
Lair:5:   layout_hall_layers
Lair:6:   minmay_lair_end_frog_pond, layout_long_grid,
          minmay_slime_entry_pillars, lemuel_fruit_fields
Orc:1:    layout_caves, enter_volcano_2, uniq_sonja
Orc:2:    grunt_orc_cross, layout_caves, basic_altar, minmay_orc_temple_b

Skill      XL: |  1  2  3  4  5  6  7  8  9 10 11 12 13 14 15 16 |
---------------+-------------------------------------------------+-----
Maces & Flails | 2 3 4 5 6 7 8 10 11 12 13 | 13.3
Dodging        | 3 4 5 6 7 8 9 |  9.8
Throwing       | 1 2 3 4 5 6 7 8 9 10 | 10.1
Invocations    | 1 2 3 5 6 7 8 9 10 | 10.9
Hexes          | 1 2 3 4 5 6 |  6.0
Fighting       | 5 6 7 8 9 10 11 12 13 | 13.5
Summonings     | 1 2 |  2.0
Translocations | 2 3 4 5 6 7 8 |  8.3
Spellcasting   | 1 3 4 5 6 |  6.0
Ice Magic      | 2 3 4 6 7 8 |  8.2
Shields        | |  2.6

Action                   |  1- 3 |  4- 6 |  7- 9 | 10-12 | 13-15 | 16-18 || total
-------------------------+-------+-------+-------+-------+-------+-------++-------
Melee: Flail             |   103 |   120 |   115 |       |       |       ||   338
       Mace              |       |       |   175 |   668 |  2227 |   207 ||  3277
       Giant spiked club |       |       |       |       |       |    18 ||    18
Throw: Dart              |    22 |    28 |    52 |   255 |   382 |     9 ||   748
       Stone             |    11 |       |       |       |       |       ||    11
       Boomerang         |       |    38 |    23 |   123 |   334 |     5 ||   523
       Large rock        |       |       |       |       |    41 |    21 ||    62
       Javelin           |       |       |       |       |     7 |       ||     7
 Cast: Slow              |       |       |    19 |    79 |   316 |    15 ||   429
       Confusing Touch   |       |       |     1 |    28 |   118 |    15 ||   162
       Ozocubu's Armour  |       |       |       |     9 |    68 |     9 ||    86
       Apportation       |       |       |       |    31 |     1 |       ||    32
       Gell's Gravitas   |       |       |       |       |    30 |       ||    30
       Manifold Assault  |       |       |       |       |    14 |       ||    14
       Summon Small Mamm |       |       |       |       |       |     1 ||     1
Invok: Bend Space        |       |     1 |     2 |     1 |    37 |     2 ||    43
       Brand Weapon With |       |       |       |       |       |     1 ||     1
Evoke: Wand              |       |       |       |     2 |    14 |       ||    16
  Use: Potion            |     1 |     1 |       |       |     1 |       ||     3
       Scroll            |       |     9 |     3 |     6 |    15 |     1 ||    34
 Stab: Invisible         |       |     1 |     1 |       |       |       ||     2
       Confused          |       |       |       |    18 |    95 |    10 ||   123
Armor: Robe              |    30 |    60 |   111 |   131 |   758 |    54 ||  1144
       Steam dragon scal |       |       |       |    91 |       |       ||    91
Dodge: Dodged            |    32 |    68 |   134 |   327 |   893 |    65 ||  1519
Block: Kite shield       |    30 |    66 |    10 |       |       |       ||   106
       Other             |       |       |       |    53 |   409 |    18 ||   480
       Reflection        |       |       |       |     2 |     8 |       ||    10

Table legend: (Time is in decaauts)
 A = Elapsed time spent in this place.
 B = Non-inter-level travel time spent in this place.
 C = Inter-level travel time spent in this place.
 D = Time resting spent in this place.
 E = Time spent auto-exploring this place.
 F = Levels seen in this place.
 G = Mean time per level.
                   A        B        C        D        E       F      G
               +--------+--------+--------+--------+--------+-----+--------+
         Total |  59924 |  55299 |   4625 |  21943 |  20421 |  25 | 2397.0 |
       Dungeon |  33932 |  30902 |   3030 |  10038 |  14126 |  15 | 2262.1 |
          Lair |  19445 |  17901 |   1544 |   8775 |   4901 |   6 | 3240.8 |
  Orcish Mines |   4659 |   4609 |     50 |   2058 |   1192 |   2 | 2329.5 |
        Bazaar |    169 |    169 |      0 |      0 |      0 |   1 |  169.0 |
       Volcano |   1717 |   1717 |      0 |   1071 |    202 |   1 | 1717.0 |
               +--------+--------+--------+--------+--------+-----+--------+

Top non-repeatable levels by time:
    D:13: 4100 daAuts
  Lair:4: 3930 daAuts
     D:9: 3921 daAuts
  Lair:3: 3573 daAuts
  Lair:5: 3528 daAuts
  Lair:2: 3139 daAuts
     D:4: 3123 daAuts
     D:8: 3096 daAuts
    D:11: 3027 daAuts
   Orc:2: 2834 daAuts
  Lair:1: 2743 daAuts
  Lair:6: 2531 daAuts
    D:12: 2428 daAuts
    D:14: 2187 daAuts
     D:5: 2130 daAuts
